 Dungeon Crawl Stone Soup version 0.27.0-1-g7a089689b8 (webtiles) character file.

Game seed: 8177201356391309234

1076 kalagan the Magician (level 8, -5/41 HPs)
             Began as a Deep Elf Conjurer on Aug 10, 2021.
             Was an Initiate of Sif Muna.
             Slain by a killer bee (7 damage)
             ... on level 5 of the Dungeon.
             The game lasted 00:16:45 (6335 turns).

kalagan the Magician (Deep Elf Conjurer)            Turns: 6335, Time: 00:16:48

Health: -5/41      AC:  4    Str:  6    XL:     8   Next: 8%
Magic:  8/20       EV: 13    Int: 24    God:    Sif Muna [......]
Gold:   168        SH:  0    Dex: 13    Spells: 6/20 levels left

rFire    . . .     SeeInvis .   j - +0 falchion (venom)
rCold    . . .     Faith    .   (no shield)
rNeg     . . .     Spirit   .   a - +0 robe
rPois    .         Reflect  .   i - +2 hat
rElec    .         Harm     .   (no cloak)
rCorr    .         Rampage  .   (no gloves)
Will     .....                  (no boots)
Stlth    +++.......             e - amulet of the acrobat
HPRegen  0.13/turn              (no ring)
MPRegen  0.17/turn              (no ring)

@: brilliant, lethally poisoned (-5 -> -12)
A: no striking features
a: Renounce Religion


You were on level 5 of the Dungeon.
You worshipped Sif Muna.
Sif Muna was noncommittal.
You visited 2 branches of the dungeon, and saw 6 of its levels.

You collected 168 gold pieces.

Inventory:

Hand Weapons
 j - a +0 falchion of venom (weapon)
Armour
 a - a +0 robe (worn)
 b - a +0 troll leather armour
 i - a +2 hat (worn)
 o - a +2 leather armour of fire resistance
Magical Staves
 g - a staff of death
Jewellery
 e - an amulet of the acrobat (around neck)
Wands
 c - a wand of mindburst (9)
 m - a wand of acid (5)
Scrolls
 d - 3 scrolls of magic mapping
 l - a scroll of fear {unknown}
 n - a scroll of brand weapon
 q - a scroll of holy word {unknown}
Potions
 h - a potion of flight
 k - a potion of cancellation
 p - 2 potions of lignification
 r - a potion of invisibility


   Skills:
 + Level 2.2 Armour
 + Level 4.4 Dodging
 + Level 4.8 Stealth
 * Level 6.7 Spellcasting
 * Level 6.6 Conjurations
 * Level 5.3 Hexes


You had 6 spell levels left.
You knew the following spells:

 Your Spells              Type           Power      Damage    Failure   Level
a - Magic Dart            Conj           100%       1d8       1%          1
b - Searing Ray           Conj           100%       3d7       1%          2
c - Dazzling Flash        Conj/Hex       100%       N/A       1%          3
d - Fulminant Prism       Conj/Hex       26%        3d14      6%          4
e - Iskenderun's Mystic   Conj/Tloc      35%        2d8       19%         4

Your spell library contained the following spells:

 Spells                   Type           Power      Damage    Failure   Level
 Corona                   Hex            55%        N/A       1%          1
 Animate Skeleton         Necr           24%        N/A       8%          1
 Apportation              Tloc           24%        N/A       8%          1
 Summon Small Mammal      Summ           48%        N/A       8%          1
 Inner Flame              Hex/Fire       31%        N/A       8%          3
 Cause Fear               Hex            25%        N/A       9%          4
 Discord                  Hex            25%        N/A       100%        8


Dungeon Overview and Level Annotations

Branches:
Dungeon (5/15)             Temple (1/1) D:4

Altars:
Ashenzari
Cheibriados
Dithmenos
Gozag
Okawaru
Sif Muna
Wu Jian


Message History

Aiming: Searing Ray (safe; 1% risk of failure)
Press: ? - help, Shift-Dir - straight line, f - killer bee
Aim: a killer bee (almost dead, 61% to hit)
The searing ray hits the killer bee!
You kill the killer bee!
Sif Muna accepts your kill. (Press . to maintain the ray.)
The killer bee stings you. x2; The killer bee closely misses you.
The killer bee stings you but does no damage.
Unknown command.
Unknown command.
Casting: Searing Ray (safe; 1% risk of failure)
Confirm with . or Enter, or press ? or * to list all spells.
Restarting spell: Searing Ray (safe; 1% risk of failure)
Press: ? - help, Shift-Dir - straight line, f - killer bee
Aim: a killer bee (61% to hit)
The searing ray hits the killer bee!
The killer bee is severely wounded. (Press . to maintain the ray.)
The killer bee stings you! The killer bee closely misses you.
The killer bee barely misses you. The killer bee stings you.
The searing ray misses the killer bee.
The killer bee completely misses you. The killer bee stings you!
* * * LOW HITPOINT WARNING * * *
You are lethally poisoned!
The killer bee poisons you! The killer bee closely misses you.
You riposte.
You barely miss the killer bee.
The killer bee is heavily wounded.
The killer bee misses you.
You riposte.
You miss the killer bee.
The killer bee is severely wounded.
Unknown command.
Unknown command.
Unknown command.
It was a potion of brilliance.
You feel clever all of a sudden.
* * * LOW HITPOINT WARNING * * *
You feel sick. The killer bee stings you.
* * * LOW HITPOINT WARNING * * *
The killer bee stings you!
You die...

.............#####.#.......#
####....#....#...........###
####....)..).......#.....#
........)....#)..######..#
.............###.# #.>#
...............#.# ####
.............#.#.#########
...............#.#.......#
..........###.##@y.......#
...#########....y#.......#
... #.....+.......#
#.....#.......#
#.....#.......#
#.....#.......#
#.....#..)y...#
#...(.#....y..#
#######.......#


You could see 2 killer bees.

Vanquished Creatures
  Prince Ribbit (D:5)
  Sigmund (D:2)
  Eustachio (D:4)
  A water moccasin skeleton (D:5)
  4 killer bees (D:5)
  2 orc priests (D:5)
  Jessica (D:2)
  An iguana (D:5)
  2 orc wizards
  Ijyb (D:5)
  A howler monkey skeleton (D:4)
  8 adders
  A worm (D:2)
  4 dart slugs (D:1)
  11 orcs
  5 ball pythons
  5 bats
  7 endoplasms
  2 giant cockroaches (D:3)
  12 hobgoblins
  6 jackals (D:2)
  A quokka (D:3)
  5 frilled lizards
  3 goblins
  6 kobolds
  5 rats
  A spectral kobold (D:2)
98 creatures vanquished.

Vanquished Creatures (others)
  6 plants (D:1)
6 creatures vanquished.

Grand Total: 104 creatures vanquished

Notes
Turn   | Place    | Note
-------+----------+-------------------------------------------
     0 | D:1      | kalagan the Deep Elf Conjurer began the quest for the Orb.
     0 | D:1      | Reached XP level 1. HP: 10/10 MP: 6/6
   637 | D:1      | Reached XP level 2. HP: 9/15 MP: 1/8
   640 | D:1      | Learned a level 2 spell: Searing Ray
  1354 | D:1      | Reached XP level 3. HP: 17/19 MP: 5/10
  1358 | D:1      | Learned a level 3 spell: Dazzling Flash
  1613 | D:2      | Found a faded altar of an unknown god.
  1613 | D:2      | Noticed Jessica
  1622 | D:2      | Killed Jessica
  1623 | D:2      | Reached skill level 5 in Conjurations
  1623 | D:2      | Reached skill level 1 in Hexes
  1623 | D:2      | Reached XP level 4. HP: 24/24 MP: 10/12
  1686 | D:2      | Noticed Sigmund
  1706 | D:2      | HP: 1/24 [Sigmund/magic dart (10)]
  2406 | D:1      | Learned a level 4 spell: Fulminant Prism
  3354 | D:3      | Reached XP level 5. HP: 28/28 MP: 8/13
  4315 | D:4      | Reached skill level 1 in Armour
  4436 | D:4      | Found a staircase to the Ecumenical Temple.
  4451 | Temple   | Entered the Ecumenical Temple
  4458 | Temple   | Became a worshipper of Sif Muna the Loreminder
  4621 | D:4      | Noticed Eustachio
  4641 | D:4      | Killed Eustachio
  4642 | D:4      | Reached skill level 5 in Spellcasting
  4642 | D:4      | Reached XP level 6. HP: 23/32 MP: 1/15
  4647 | D:4      | Learned a level 4 spell: Iskenderun's Mystic Blast
  5327 | D:2      | Killed Sigmund
  5328 | D:2      | Reached XP level 7. HP: 36/36 MP: 15/17
  5513 | D:5      | Entered Level 5 of the Dungeon
  6239 | D:5      | Noticed Ijyb
  6243 | D:5      | Killed Ijyb
  6287 | D:5      | Noticed Prince Ribbit
  6291 | D:5      | Killed Prince Ribbit
  6328 | D:5      | Reached skill level 5 in Hexes
  6330 | D:5      | Reached XP level 8. HP: 41/41 MP: 12/20
  6335 | D:5      | HP: 2/41 [killer bee (4)]
  6335 | D:5      | Slain by a killer bee

Illustrated notes

Levels and vault maps discovered:
D:1:      dpeg_chamrin_arrival_tetris, layout_basic, serial_forest,
          infiniplex_forest_lined_room_, infiniplex_forest_lined_room_2,
          infiniplex_forest_clump_diagonal, infiniplex_forest_lined_1,
          serial_bayou_lagoon_a
D:2:      layout_basic, dreamdust_ecumenical_altar_drowned_temple, uniq_sigmund,
          uniq_jessica
D:3:      layout_loops_ring, wad_rectangle_vault
D:4:      layout_basic, minmay_temple_entry_waves, uniq_eustachio
D:5:      layout_basic, fedhas_altar_fruit_tree, uniq_prince_ribbit1, uniq_ijyb
Temple:   cyrus_circular_temple

Skill      XL: |  1  2  3  4  5  6  7 |
---------------+----------------------+-----
Stealth        | 3 4 |  4.8
Spellcasting   | 4 5 6 |  6.7
Conjurations   | 5 6 |  6.6
Hexes          | 1 2 3 5 |  5.3
Dodging        | 3 4 |  4.4
Armour         | 1 2 |  2.2

Action                   |  1- 3 |  4- 6 |  7- 9 || total
-------------------------+-------+-------+-------++-------
Melee: Unarmed           |     1 |       |       ||     1
       Staff             |       |    20 |       ||    20
       Falchion          |       |    13 |     6 ||    19
 Cast: Magic Dart        |    46 |    86 |    20 ||   152
       Searing Ray       |     2 |    11 |     9 ||    22
       Dazzling Flash    |       |     1 |       ||     1
Evoke: Wand              |       |     2 |     3 ||     5
  Use: Potion            |       |     1 |     1 ||     2
       Scroll            |       |    10 |     4 ||    14
 Stab: Sleeping          |       |     3 |     1 ||     4
Armor: Robe              |       |    12 |     3 ||    15
Dodge: Dodged            |     1 |    68 |    28 ||    97
       Rpst.: Falchion   |       |    11 |     6 ||    17
